 Dungeon Crawl Stone Soup version 0.18.1-50-g88ac8fd (webtiles) character file.

56 Nordron the Changer (level 3, -3/31 HPs)
             Began as a Naga Transmuter on Sept 30, 2016.
             Slain by Crazy Yiuf
             ... wielding a +2 quarterstaff of chaos
              (8 damage)
             ... on level 2 of the Dungeon.
             The game lasted 00:07:17 (1775 turns).

Nordron the Changer (Naga Transmuter)               Turns: 1775, Time: 00:07:19

Health: -3/31      AC:  3    Str: 12    XL:     3   Next: 95%
Magic:  5/6        EV: 10    Int: 13    God:
Gold:   41         SH:  0    Dex: 12    Spells: 1 memorised, 5 levels left

rFire  . . .     SeeInvis +     l - +1 dagger (pain)
rCold  . . .     Gourm    .     b - +0 robe
rNeg   . . .     Faith    .     (no shield)
rPois  +         Spirit   .     (no helmet)
rElec  .         Dismiss  .     k - +0 cloak
rCorr  .         Reflect  .     (no gloves)
SustAt .         Harm     .     (no barding)
MR     .....                    (no amulet)
Stlth  +.........               (no ring)
                                (no ring)

@: lethally poisoned (-3 -> -10), short of breath, appendage, very slow, not
resistant to hostile enchantments, very unstealthy
A: horns 2, see invisible, deformed body, poison resistance, slowness 2, slow
metabolism 1, spit poison 2, AC +1
a: Spit Poison, End Transformation


You were on level 2 of the Dungeon.
You were hungry.
You had grown temporary horns.
You visited 1 branch of the dungeon, and saw 2 of its levels.

You collected 41 gold pieces.

Inventory:

Hand Weapons
 i - a +0 trident
 l - a +1 dagger of pain (weapon)
Missiles
 a - 12 arrows
Armour
 b - a +0 robe (worn)
 k - a +0 cloak (worn)
Scrolls
 e - a scroll of identify {unknown}
 f - a scroll of enchant armour {unknown}
 g - a scroll of remove curse {unknown}
 h - a scroll of enchant weapon {unknown}
 j - 2 scrolls of magic mapping {unknown}
Books
 c - a book of Changes

   Spells                             Type                      Level
   a - Beastly Appendage              Transmutation                1
   b - Sticks to Snakes               Transmutation                2
   c - Spider Form                    Transmutation/Poison         3
   d - Ice Form                       Ice/Transmutation            4
   e - Blade Hands                    Transmutation                5
Comestibles
 d - a bread ration


   Skills:
 - Level 1.0 Fighting
 - Level 1.5 Dodging
 - Level 3.0 Unarmed Combat
 - Level 2.0 Spellcasting
 * Level 4.1 Transmutations


You had 5 spell levels left.
You knew the following spells:

 Your Spells              Type           Power        Failure   Level  Hunger
a - Beastly Appendage     Trmt           ##....       6%          1    ##.....


Dungeon Overview and Level Annotations

Branches:
Dungeon (2/15)

Altars:

Annotations:
D:2 Crazy Yiuf


Innate Abilities, Weirdness & Mutations

You cannot wear boots.
Your serpentine skin is tough (AC +1).
You have supernaturally acute eyesight.
Armour fits poorly on your strangely shaped body.
Your system is resistant to poisons.
You cover ground very slowly.
You have a slow metabolism.
You can spit poison.
You have a pair of horns on your head.


Message History

Crazy Yiuf yells, "Fluff!
Hah turtle arm."
Crazy Yiuf hits you with a quarterstaff of chaos!
You hit Crazy Yiuf but do no damage.
Crazy Yiuf is lightly wounded.
You have got your breath back.
You feel sick.
Crazy Yiuf grits, "Rifle!
Goober sing-song childish."
Crazy Yiuf hits you with a quarterstaff of chaos!
* * * LOW HITPOINT WARNING * * *
Crazy Yiuf freezes you.
* * * LOW HITPOINT WARNING * * *
Press: ? - help, Shift-Dir - straight line, f/p - Crazy Yiuf
Aim: Crazy Yiuf, wielding a quarterstaff of chaos and wearing a cloak (lightly wounded)
The splash of poison hits Crazy Yiuf.
Crazy Yiuf appears unharmed.
Crazy Yiuf is lightly wounded.
You feel slightly more hungry.
* * * LOW HITPOINT WARNING * * *
You feel sick.
Crazy Yiuf hits you with a quarterstaff of chaos!
You die...

## .## ..## ...######
........# .....####
....######♣♣ ###
...........♣♣ ♣♣#)))#
..##.#......♣♣♣♣@g)).#
.###.##.....)♣))♣#)))#
## #.###...)♣)♣♣♣ ###
#.# ###♣♣♣♣♣ ####.#
..##.# ### #.##.# #.#
#.##.# #.# #.##.#
#.###


You could see Crazy Yiuf.

Vanquished Creatures
  An adder (D:2)
  3 dart slugs
  3 bats
  3 giant cockroaches (D:1)
  8 goblins
  6 hobgoblins
  2 jackals (D:2)
  2 ball pythons
  A giant newt (D:1)
  5 kobolds
  A rat (D:2)
35 creatures vanquished.

Notes
Turn   | Place    | Note
--------------------------------------------------------------
     0 | D:1      | Nordron the Naga Transmuter began the quest for the Orb.
     0 | D:1      | Reached XP level 1. HP: 18/18 MP: 3/3
   371 | D:1      | Reached XP level 2. HP: 16/25 MP: 3/5
   473 | D:1      | Reached skill level 3 in Transmutations
  1097 | D:1      | Reached XP level 3. HP: 31/31 MP: 6/6
  1506 | D:2      | Reached skill level 4 in Transmutations
  1769 | D:2      | Noticed Crazy Yiuf
  1775 | D:2      | Slain by Crazy Yiuf

Skill      XL: |  1  2  3 |
---------------+----------+-----
Transmutations | 3 4 |  4.1
Fighting       | |  1.0
Dodging        | |  1.5
Unarmed Combat | |  3.0
Spellcasting   | |  2.0

Action                   || total
-------------------------++-------
Melee: Unarmed           ||    11
       Whip              ||    11
       Headbutt          ||    10
       Dagger            ||    70
 Cast: Beastly Appendage ||    25
 Abil: Spit Poison       ||    24
  Eat: Chunk             ||     3
Armor: Robe              ||    32
Dodge: Dodged            ||    48
